 Dungeon Crawl Stone Soup version 0.20-a0-959-gdc9e609 (webtiles) character file.

53 JeffiDaFish the Firebug (level 3, -2/26 HPs)
             Began as a Draconian Fire Elementalist on Apr 7, 2017.
             Slain by an orc
             ... wielding a +0 flail
              (6 damage)
             ... on level 3 of the Dungeon.
             The game lasted 00:06:12 (1956 turns).

JeffiDaFish the Firebug (DrFE)                      Turns: 1956, Time: 00:06:12

Health: -2/26      AC:  6    Str: 10    XL:     3   Next: 64%
Magic:  0/6        EV: 11    Int: 15    God:
Gold:   72         SH:  3    Dex: 12    Spells: 2/7 levels left

rFire    . . .     SeeInvis .   e - +0 short sword
rCold    . . .     Gourm    .   j - +0 buckler
rNeg     . . .     Faith    .   (armour unavailable)
rPois    .         Spirit   .   (helmet restricted)
rElec    .         Reflect  .   i - +0 cloak
rCorr    .         Harm     .   (no gloves)
MR       +....                  (no boots)
Stlth    ++........             (no amulet)
Regen    0.1/turn               (no ring)
MPRegen  0.1/turn               (no ring)

@: very slightly contaminated
A: unfitting armour, stinger 1, magic resistance 1, cold-blooded, AC +5
a: no special abilities


You were on level 3 of the Dungeon.
You were not hungry.

You visited 1 branch of the dungeon, and saw 3 of its levels.

You collected 72 gold pieces.

Inventory:

Hand Weapons
 e - a +0 short sword (weapon)
Armour
 i - a +0 cloak (worn)
 j - a +0 buckler (worn)
Scrolls
 k - 2 scrolls of identify
Potions
 f - a potion of haste
Books
 a - a book of Flames

   Spells                             Type                      Level
   a - Flame Tongue                   Conjuration/Fire             1
   b - Throw Flame                    Conjuration/Fire             2
   c - Conjure Flame                  Conjuration/Fire             3
   d - Inner Flame                    Hexes/Fire                   3
   e - Sticky Flame                   Conjuration/Fire             4
   f - Fireball                       Conjuration/Fire             5
 h - a book of Minor Magic

   Spells                             Type                      Level
   a - Magic Dart                     Conjuration                  1
   b - Blink                          Translocation                2
   c - Call Imp                       Summoning                    2
   d - Slow                           Hexes                        2
   e - Conjure Flame                  Conjuration/Fire             3
   f - Mephitic Cloud                 Conjuration/Poison/Air       3
Comestibles
 b - a bread ration
 c - a meat ration
 g - a royal jelly
 l - a chunk of flesh


   Skills:
 + Level 0.0 Fighting
 - Level 1.9 Dodging
 - Level 2.0 Stealth
 * Level 0.4 Shields
 - Level 0.4 Unarmed Combat
 * Level 2.5 Spellcasting
 * Level 1.5 Conjurations
 + Level 0.2 Translocations
 * Level 3.6 Fire Magic


You had 2 spell levels left.
You knew the following spells:

 Your Spells              Type           Power        Failure   Level  Hunger
a - Flame Tongue          Conj/Fire      #....        14%         1    #......
b - Throw Flame           Conj/Fire      #.....       21%         2    ###....
c - Blink                 Tloc           N/A          54%         2    ###....


Dungeon Overview and Level Annotations

Branches:
Dungeon (3/15)

Altars:


Innate Abilities, Weirdness & Mutations

Your plain brown scales are hard. (AC +5)
You cannot fit into any form of body armour.
You are cold-blooded and may be slowed by cold attacks.
Your tail ends in a poisonous barb.
You are resistant to hostile enchantments. (MR+)


Message History

The orc is heavily wounded.
You block the orc's attack.
You barely miss the orc.
The orc is heavily wounded.
The orc hits you with a flail.
You hit the orc.
The orc is heavily wounded.
The orc hits you with a flail.
You barely miss the orc.
The orc is heavily wounded.
The orc hits you with a flail!
* * * LOW HITPOINT WARNING * * *
Casting: Flame Tongue
Confirm with . or Enter, or press ? or * to list all spells.
Aiming: Flame Tongue
Press: ? - help, Shift-Dir - straight line, f/p - orc
Aim: an orc, wielding a flail and wearing a scale mail (heavily wounded)
You miscast Flame Tongue.
Wisps of smoke drift from your hands. The orc hits you with a flail.
You die...

...#.##.# ......#.#
......... ..... ......#
...# #......#.#..# . ...#
#..........)###.... ...#
#.. #oo)oo.... ...####..
...# #o####.... ......#.#
#.##.#@# # ......#.#
#.##.#.##
..[...#<###.......#
......#........#..#######
......#.###....#........#
........# #.##.#........#
........###.##.#........#
...............#..#######
###...#..##.##.#..#####


You could see 3 orcs.

Vanquished Creatures
  An adder (D:2)
  A worm (D:2)
  A dart slug (D:1)
  4 leopard geckos
  2 orcs (D:3)
  3 giant cockroaches
  2 goblins (D:2)
  5 hobgoblins
  A quokka (D:2)
  6 bats (D:1)
  4 kobolds
  3 rats
33 creatures vanquished.

Notes
Turn   | Place    | Note
-------+----------+-------------------------------------------
     0 | D:1      | JeffiDaFish the Draconian Fire Elementalist began the quest for the Orb.
     0 | D:1      | Reached XP level 1. HP: 14/14 MP: 3/3
   184 | D:1      | Reached XP level 2. HP: 10/20 MP: 0/5
   247 | D:1      | Learned a level 2 spell: Throw Flame
   880 | D:2      | Learned a level 2 spell: Blink
   903 | D:2      | Gained mutation: Your tail ends in a poisonous barb. [potion of mutation]
   903 | D:2      | Gained mutation: You evolve. [potion of mutation]
  1158 | D:2      | Reached XP level 3. HP: 20/26 MP: 1/6
  1497 | D:2      | Gained mutation: You are resistant to hostile enchantments. (MR+) [evolution]
  1497 | D:2      | Lost mutation: You evolve. [end of evolution]
  1956 | D:3      | Slain by an orc

Vault maps used:
D:1:      zaba_arrival_water, serial_bayou_crossing
D:3:      lemuel_round_altar, gammafunk_temple_overflow_elements,
          nicolae_dithmenos_shadow_blocks, uniq_robin, uniq_natasha

Skill      XL: |  1  2 |
---------------+-------+-----
Stealth        | 2 |  2.0
Dodging        | |  1.9
Shields        | |  0.4
Unarmed Combat | |  0.4
Spellcasting   | |  2.5
Conjurations   | |  1.5
Translocations | |  0.2
Fire Magic     | |  3.6

Action                   || total
-------------------------++-------
Melee: Unarmed           ||    26
       Tailslap          ||     5
       Short sword       ||    34
 Cast: Flame Tongue      ||    27
       Throw Flame       ||    16
  Use: Scroll            ||     6
       Potion            ||     8
 Stab: Sleeping          ||     3
  Eat: Chunk             ||     5
Armor: Skin              ||    16
Dodge: Dodged            ||    33
Block: Buckler           ||     5
